Unix NetHack Version 5.0.0-0 post-release - last build Jul 14 2026 02:55:29 (1809b74e8187c3a3585e283601c3028b46cbbdcb,branch:main).

Game began 2026-07-14 11:38:52, ended 2026-07-14 12:04:33.

Booker, lawful male human Knight

         ------------
         |.......$..|
         |..........|
         |..........|
         |.......(@Y-
         |....<.....|
         ------------

Booker the Esquire       St:15 Dx:10 Co:14 In:8 Wi:14 Ch:18  Lawful S:1431
Dlvl:7  $:55 HP:0(41) Pw:46(46) AC:3  Xp:5/264 T:3790  Burdened

Latest messages:
 You miss the elf zombie.
 You miss the elf zombie.
 The elf zombie hits!
 You miss the elf zombie.
 The elf zombie hits!
 The elf zombie hits!
 You hit the elf zombie.
 The elf zombie hits!
 You hit the elf zombie.
 The elf zombie just misses!
 What do you want to drink? [tvABDEKN or ?*]
 You feel better.
 The elf zombie misses!
 You hit the elf zombie!
 The elf zombie turns to flee.
 You miss the elf zombie.
 You kill the coyote!
 You fall down the stairs.
 You see here a chest.
 You hear the footsteps of a guard on patrol.
 #
 Hmmm, the chest turns out to be locked.
 #
 There is a locked chest here; force its lock? [ynq] (q)
 You force your long sword into a crack and pry.
 The ape opens a door.
 You stop forcing the lock.
 You miss the ape.
 The ape hits!
 The ape just misses!
 The ape bites!
 The ape just misses!
 The ape hits!
 The ape bites!
 You hit the ape!
 The ape misses!
 The ape misses!
 The ape bites!
 You miss the ape.
 The ape hits!
 The ape hits again!
 The ape misses!
 You miss the ape.
 The ape misses!
 The ape hits!
 The ape bites!
 The ape hits!
 The ape hits again!
 The ape bites!
 You die...

Inventory:
 Coins    ('$')
  $ - 55 gold pieces
 Weapons  (')')
  a - an uncursed +1 long sword (weapon in right hand)
  b - an uncursed +1 lance (alternate weapon; not wielded)
 Armor    ('[')
  d - an uncursed +0 helmet (being worn)
  f - an uncursed +0 pair of leather gloves (being worn)
  e - a blessed +0 small shield (being worn)
  c - an uncursed +1 ring mail (being worn)
 Comestibles  ('%')
  g - 12 uncursed apples
  h - 13 uncursed carrots
  i - an uncursed food ration
  k - an uncursed tripe ration
 Scrolls  ('?')
  L - an uncursed scroll of enchant armor
  O - an uncursed scroll of magic mapping
 Potions  ('!')
  t - an uncursed potion of booze named 25 dip
  E - a cursed potion of booze
  B - an uncursed potion of gain energy
  v - 3 uncursed potions of healing
  A - an uncursed potion of invisibility
  K - an uncursed potion of sickness
  D - an uncursed potion of water
  N - an uncursed potion of water
 Wands    ('/')
  o - an uncursed wand of speed monster (0:5)
 Tools    ('(')
  I - an uncursed bell
  u - an uncursed tallow candle
  M - an uncursed tin whistle
 Gems/Stones  ('*')
  q - 2 uncursed black opals
  r - an uncursed worthless piece of black glass
  s - an uncursed worthless piece of white glass

Booker the Knight's attributes:

Background:
 You were an Esquire, a level 5 male human Knight.
 You were lawful, on a mission for Lugh
 who was opposed by Brigit (neutral) and Manannan Mac Lir (chaotic).
 You were right-handed.
 You were in the Dungeons of Doom, on level 7.
 You entered the dungeon 3790 turns ago.
 There was a new moon in effect when your adventure ended.
 You had 264 experience points, 56 more were needed to attain level 6.
 Your score was 1431 before end-of-game adjustments.

Basics:
 You had 0 out of 41 hit points.
 You had all 46 energy points (spell power).
 Your armor class was 3.
 Your wallet contained 55 zorkmids.
 Autopickup was on for '$%?!"=/' plus thrown, with exceptions.

Final Characteristics:
 Your strength was 15 (limit:18/100).
 Your dexterity was 10 (limit:18).
 Your constitution was 14 (limit:18).
 Your intelligence was 8 (limit:18).
 Your wisdom was 14 (limit:18).
 Your charisma was 18 (limit:18).

Final Status:
 You weren't hungry.
 You were burdened; movement was slightly slowed.
 You were wielding a long sword.
 You had basic skill with long sword and could have enhanced that.

Final Attributes:
 You were piously aligned.
 You could jump.
 You were warded.
 You are dead.

Miscellaneous:
 You disabled loading and storing of bones levels.
 Total elapsed playing time was 25 minutes and 31 seconds.

Major events:
 Turn
    1: Booker the lawful male human Knight entered the dungeon
  670: entered the Gnomish Mines
  709: attained the rank of Esquire (level 3)
 3790: killed by an ape

You didn't know any spells.

Skills:
 Fighting Skills
   bare handed combat [Unskilled]
   two weapon combat  [Unskilled]
   riding             [Basic]
 Weapon Skills
   dagger             [Unskilled]
   knife              [Unskilled]
   axe                [Unskilled]
   pick-axe           [Unskilled]
   short sword        [Unskilled]
   broadsword         [Unskilled]
   long sword         [Basic]
   two-handed sword   [Unskilled]
   saber              [Unskilled]
   club               [Unskilled]
   mace               [Unskilled]
   morning star       [Unskilled]
   flail              [Unskilled]
   hammer             [Unskilled]
   polearms           [Unskilled]
   spear              [Unskilled]
   trident            [Unskilled]
   lance              [Basic]
   bow                [Unskilled]
   crossbow           [Unskilled]
 Spellcasting Skills
   attack spells      [Unskilled]
   healing spells     [Unskilled]
   clerical spells    [Unskilled]

Voluntary challenges:
 Character rerolling was not enabled.
 You never genocided any monsters.
 You never polymorphed an object.
 You never changed form.
 You used no wishes.
Achievements:
 You entered the Gnomish Mines.
 You attained the rank of Esquire.
 You entered a shop.

 The Dungeons of Doom: levels 1 to 7
    Level 1:
    Level 2:
       A fountain, a sink.
       Stairs down to The Gnomish Mines.
    Level 3:
       An altar to Lugh, a fountain.
    Level 4:
       A general store, a sink.
    Level 5:
       A grave.
    Level 6:
       A potion shop.
    Level 7: <- You were here.
       A fountain.
       Final resting place for
          you, killed by an ape.
 The Gnomish Mines:
    Level 3:


Vanquished creatures:
  a dingo
  a rock piercer
  a rock mole
  a yellow light
  a shrieker
  a violet fungus
  a gnome leader
  2 elf zombies
  a little dog
  a kobold leader
  2 hill orcs
  a rothe
 an orc zombie
  a werejackal
  3 iguanas
  4 coyotes
  a green mold
  a red mold
  3 gnomes
  4 garter snakes
  3 geckos
  4 jackals
  3 foxes
  2 kobolds
  3 goblins
  2 grid bugs
  3 bats
  4 lichens
  5 newts
61 creatures vanquished.

No species were genocided or became extinct.

Game over:
                       ----------
                      /          \
                     /    REST    \
                    /      IN      \
                   /     PEACE      \
                  /                  \
                  |      Booker      |
                  |      55 Au       |
                  | killed by an ape |
                  |                  |
                  |                  |
                  |                  |
                  |       2026       |
                 *|     *  *  *      | *
        _________)/\\_//(\/(/\)/\//\/|_)_______

Fare thee well Booker the Knight...

You died in The Dungeons of Doom on dungeon level 7 with 1426 points,
and 55 pieces of gold, after 3790 moves.
You were level 5 with a maximum of 41 hit points when you died.

